 Dungeon Crawl Stone Soup version 0.20.1-1-g8b1a95d (webtiles) character file.

29250 Rurstahk the Blocker (level 13, 0/133 HPs)
             Began as a Human Berserker on Oct 5, 2017.
             Was a High Priest of Trog.
             Killed from afar by Josephine (27 damage)
             ... with a ghostly fireball
             ... on level 1 of the Orcish Mines.
             The game lasted 01:04:01 (13142 turns).

Rurstahk the Blocker (Human Berserker)             Turns: 13142, Time: 01:04:02

Health: 0/133      AC: 22    Str: 32    XL:     13   Next: 79%
Magic:  13/13      EV: 18    Int:  8    God:    Trog [*****.]
Gold:   872        SH: 24    Dex: 17    Spells: 12/12 levels left

rFire    . . .     SeeInvis .   a - +2 spear
rCold    . . .     Gourm    .   w - +0 large shield
rNeg     . . .     Faith    .   x - +6 scale mail {rPois}
rPois    +         Spirit   .   e - +2 hat {MR+}
rElec    .         Reflect  +   H - +2 cloak {MR+}
rCorr    +         Harm     .   y - +0 pair of gloves
MR       ++++.                  b - +0 pair of boots
Stlth    ..........             N - +3 amulet of reflection
Regen    1.4/turn               p - +4 ring of strength
MPRegen  0.2/turn               g - ring of resist corrosion

@: mighty, agile, berserking, regenerating, drained, very quick
A: frail 1, sturdy frame 1
a: Berserk, Trog's Hand, Brothers in Arms, Burn Spellbooks, Renounce Religion


You were on level 1 of the Orcish Mines.
You worshipped Trog.
Trog was extremely pleased with you.
You were not hungry.

You visited 2 branches of the dungeon, and saw 14 of its levels.

You collected 1079 gold pieces.
You spent 207 gold pieces at shops.

Inventory:

Hand Weapons
 a - a +2 spear (weapon)
 j - a +2 battleaxe of chopping
 v - a cursed +2 halberd
 K - a +1 glaive of chopping
Missiles
 k - 27 tomahawks (quivered)
Armour
 b - a +0 pair of boots (worn)
 e - a +2 hat of magic resistance (worn)
 w - a +0 large shield (worn)
 x - a +6 scale mail of poison resistance (worn)
 y - a +0 pair of gloves (worn)
 H - a +2 cloak of magic resistance (worn)
Jewellery
 g - a ring of resist corrosion (right hand)
 p - a +4 ring of strength (left hand)
 N - a +3 amulet of reflection (around neck)
 O - an uncursed ring of protection from fire
Wands
 n - a wand of polymorph (13/24)
 z - a wand of enslavement (7/24)
 I - a wand of disintegration (7/24)
 J - a wand of iceblast (5/15)
Scrolls
 i - 6 scrolls of teleportation
 r - 3 scrolls of blinking
 A - 2 scrolls of magic mapping
 B - a scroll of vulnerability {unknown}
 C - 2 scrolls of fear
 D - 3 scrolls of remove curse
 M - a scroll of fog {unknown}
 P - a scroll of identify
 T - a scroll of brand weapon {unknown}
 U - a scroll of recharging
 V - a scroll of enchant armour
Potions
 d - 3 potions of invisibility {unknown}
 h - 7 potions of mutation
 m - a potion of lignification {unknown}
 o - 3 potions of degeneration {unknown}
 q - 2 potions of brilliance
 u - a potion of ambrosia
 E - a potion of curing
 F - a potion of heal wounds
 L - 2 potions of flight {unknown}
 R - 2 potions of might
 S - 2 potions of cancellation {unknown}
Comestibles
 c - 4 bread rations
 f - 9 fruits
 s - 5 meat rations
 t - a royal jelly


   Skills:
 + Level 8.7(7.4) Fighting
 + Level 11.4(10.0) Polearms
 + Level 0.8(0.0) Throwing
 + Level 9.0(7.7) Armour
 + Level 7.8(6.6) Dodging
 + Level 2.3(1.2) Stealth
 + Level 13.3(11.9) Shields


You had 12 spell levels left.
You didn't know any spells.

Dungeon Overview and Level Annotations

Branches:
Dungeon (13/15)            Temple (0/1) D:5            Lair (0/6) D:9
    Orc (1/2) D:12
 Vaults: D:13-14

Altars:
Dithmenos
Gozag
Hepliaklqana
Kikubaaqudgha
Makhleb
Okawaru
Qazlal
Trog
Uskayaw
Xom

Shops:
D:5 ??(!?   D:8 [

Portals:
Trove: D:13 (give 20 scrolls of identify)

Annotations:
Orc:1 Josephine


Innate Abilities, Weirdness & Mutations

You are frail. (-10% HP)
Your movements are slightly less encumbered by armour. (ER -2)


Message History

The orc priest hits you from afar with a trident.
* * * LOW HITPOINT WARNING * * *
Items here: $ ))))))) [[[[[ †††††† You are too berserk!
Unknown command.
You puncture Josephine!
Josephine is heavily wounded.
You block the orc's attack.
You puncture Josephine!
Josephine is severely wounded.
You block Josephine's attack.
You puncture Josephine!
Josephine is severely wounded.
The orc priest casts a cantrip, but nothing happens.
You block the orc's attack.
You puncture Josephine!
Josephine is almost dead.
Josephine gestures at you while chanting.
The ghostly flame explodes!
The ghostly fireball engulfs you!
You feel drained.
You die...

##.....
.####$.... ..
.......... .
#........ .## #
#...$...o ..##.#
#......o#####...
.........##...#
##.<.##o.)#
#..)(..o@@#
##....$##.#
#...h##.##
###...## #.#.#
#####


You could see Josephine, an orc priest and an orc.

Vanquished Creatures
  Rupert (D:13)
  Gastronok (D:9)
  2 hydras
  6 two-headed ogres
  2 centaur warriors
  The ghost of letownia the Martial Artist, a novice OpTm of Gozag (D:7)
  Pikel (D:6)
  2 deep elf magi
  5 ugly things
  3 cyclopes
  2 centaur zombies (D:11)
  4 gargoyles
  A komodo dragon (D:11)
  A kobold demonologist (D:12)
  2 trolls
  A hornet (D:10)
  Prince Ribbit (D:6)
  Grinder (D:5)
  2 hippogriffs
  3 wraiths (Orc:1)
  2 shadows
  3 yaks (D:12)
  A steam dragon (D:12)
  5 hungry ghosts
  Edmund (D:4)
  A warg (Orc:1)
  An acid dragon (D:12)
  Duvessa (D:6)
  7 orc warriors
  A hornet zombie (D:12)
  A black bear (D:8)
  4 ice beasts
  2 phantoms
  3 sky beasts
  A slave (D:6)
  7 ogres
  A necrophage (D:13)
  2 centaurs
  A big kobold (D:8)
  5 bullfrogs
  2 gnoll sergeants
  Dowan (D:6)
  A wyvern skeleton (D:6)
  4 scorpions
  13 killer bees
  11 wights
  The ghost of zkobry the Gusty, a weakling HOAE (D:3)
  2 howler monkeys (D:10)
  7 crimson imps
  A quasit (D:11)
  18 orc wizards
  Crazy Yiuf (D:3)
  A bullfrog skeleton (D:12)
  3 orc priests
  4 centaur skeletons
  8 hounds
  2 jellies
  2 iguanas
  Ijyb (D:3)
  8 worker ants
  2 hound skeletons
  A howler monkey zombie (D:10)
  Robin (D:2)
  17 gnolls
  13 adders
  A shadow imp (D:5)
  An adder zombie (D:8)
  2 adder skeletons
  A worm (D:5)
  2 dart slugs (D:1)
  8 leopard geckos
  48 orcs
  6 giant cockroaches
  15 goblins
  9 hobgoblins
  12 jackals
  A quokka (D:3)
  A ball python (D:4)
  6 bats
  7 frilled lizards
  A jackal skeleton (D:7)
  17 kobolds
  7 rats
362 creatures vanquished.

Vanquished Creatures (others)
  Sonja (D:11)
  A deep elf archer (D:12)
  A manticore (D:13)
  A centaur (D:12)
  A howler monkey (D:6)
  An orc priest (Orc:1)
  2 leopard geckos (D:6)
  A kobold (D:1)
9 creatures vanquished.

Grand Total: 371 creatures vanquished

Notes
Turn   | Place    | Note
-------+----------+-------------------------------------------
     0 | D:1      | Rurstahk the Human Berserker began the quest for the Orb.
     0 | D:1      | Reached XP level 1. HP: 18/18 MP: 1/1
   161 | D:1      | Reached XP level 2. HP: 20/24 MP: 2/2
   451 | D:1      | Reached XP level 3. HP: 23/30 MP: 3/3
   563 | D:1      | Reached ** piety under Trog
  1063 | D:2      | Noticed Robin
  1073 | D:2      | Killed Robin
  1073 | D:2      | Reached XP level 4. HP: 32/37 MP: 4/4
  1714 | D:2      | Found a stormy altar of Qazlal.
  1714 | D:2      | Found a bloodstained altar of Trog.
  1714 | D:2      | Found a shadowy altar of Dithmenos.
  1715 | D:2      | Found a shimmering altar of Xom.
  2158 | D:3      | Found a burning altar of Makhleb.
  2208 | D:3      | Reached XP level 5. HP: 30/42 MP: 5/5
  2233 | D:3      | Noticed Ijyb
  2250 | D:3      | Killed Ijyb
  2521 | D:3      | Found an iron altar of Okawaru.
  2533 | D:3      | Reached skill level 1 in Stealth
  2533 | D:3      | Reached XP level 6. HP: 48/48 MP: 6/6
  2658 | D:3      | Reached skill level 5 in Polearms
  2827 | D:3      | Reached *** piety under Trog
  2953 | D:3      | Noticed zkobry's ghost (weakling HOAE)
  2969 | D:3      | Killed zkobry's ghost
  3073 | D:3      | Found a runed door.
  3078 | D:3      | Noticed Crazy Yiuf
  3085 | D:3      | Killed Crazy Yiuf
  3259 | D:4      | Reached XP level 7. HP: 35/54 MP: 7/7
  4384 | D:4      | Noticed Edmund
  4432 | D:4      | Killed Edmund
  4432 | D:4      | Reached XP level 8. HP: 54/61 MP: 8/8
  4498 | D:4      | Found an opulent altar of Gozag.
  4504 | D:4      | Found a hide-covered altar of Uskayaw.
  4606 | D:5      | Entered Level 5 of the Dungeon
  4606 | D:5      | Found an ancient bone altar of Kikubaaqudgha.
  4620 | D:5      | Reached skill level 1 in Shields
  4676 | D:5      | Found a staircase to the Ecumenical Temple.
  4790 | D:5      | Reached skill level 5 in Armour
  4795 | D:5      | Found Fathakhlu's Magic Scroll Emporium.
  4841 | D:5      | Found Bonotzai's Magic Scroll Shop.
  4846 | D:5      | Bought a scroll of enchant weapon for 97 gold pieces
  4846 | D:5      | Bought a scroll of magic mapping for 45 gold pieces
  4846 | D:5      | Bought a scroll of identify for 26 gold pieces
  4846 | D:5      | Bought a scroll of remove curse for 39 gold pieces
  4884 | D:5      | Noticed Grinder
  4929 | D:5      | Reached skill level 2 in Shields
  4953 | D:5      | Killed Grinder
  4953 | D:5      | Reached skill level 3 in Shields
  5014 | D:5      | Found Wisoivisch's Distillery.
  5094 | D:5      | Reached **** piety under Trog
  5165 | D:5      | Reached XP level 9. HP: 32/67 MP: 9/9
  5391 | D:5      | Reached skill level 4 in Shields
  5405 | D:5      | Found Zeonus's Magic Scroll Shoppe.
  5418 | D:5      | Reached skill level 5 in Fighting
  5472 | D:5      | Found Daklel's Antique Weapon Shop.
  6179 | D:6      | Noticed Duvessa
  6180 | D:6      | Noticed Dowan
  6195 | D:6      | Noticed Prince Ribbit
  6199 | D:6      | Killed Duvessa
  6202 | D:6      | Killed Dowan
  6202 | D:6      | Reached skill level 5 in Shields
  6270 | D:6      | Killed Prince Ribbit
  6412 | D:6      | Found a bloodstained altar of Trog.
  6436 | D:6      | You fall through a shaft!
  6564 | D:7      | Reached skill level 6 in Shields
  6580 | D:7      | Noticed letownia's ghost (novice OpTm)
  6739 | D:7      | Killed letownia's ghost
  6739 | D:7      | Reached skill level 5 in Dodging
  6739 | D:7      | Reached XP level 10. HP: 74/74 MP: 10/10
  7312 | D:6      | Noticed Pikel
  7349 | D:6      | Reached skill level 7 in Shields
  7402 | D:6      | Killed Pikel
  8112 | D:8      | Found Loikh's Antique Armour Shop.
  8301 | D:9      | Reached skill level 8 in Shields
  8602 | D:9      | Noticed a gargoyle
  8654 | D:9      | Killed a gargoyle
  8905 | D:9      | Found a staircase to the Lair.
  9014 | D:9      | Noticed Gastronok
  9110 | D:9      | Killed Gastronok
  9110 | D:9      | Reached skill level 9 in Shields
  9110 | D:9      | Reached XP level 11. HP: 33/83 MP: 11/11
  9383 | D:10     | Entered Level 10 of the Dungeon
  9440 | D:10     | Noticed a two-headed ogre
  9452 | D:10     | Killed a two-headed ogre
  9911 | D:10     | Noticed a two-headed ogre
  9924 | D:10     | Killed a two-headed ogre
 10005 | D:10     | Reached ***** piety under Trog
 10085 | D:10     | Reached skill level 10 in Shields
 10486 | D:11     | Reached XP level 12. HP: 91/91 MP: 12/12
 10577 | D:11     | Noticed a two-headed ogre
 10592 | D:11     | Killed a two-headed ogre
 10592 | D:11     | Reached skill level 10 in Polearms
 10659 | D:11     | Gained mutation: You are frail. (-10% HP) [potion of mutation]
 10659 | D:11     | Gained mutation: Your movements are slightly less encumbered by armour. (ER -2) [potion of mutation]
 10808 | D:11     | Noticed a four-headed hydra
 10822 | D:11     | Killed a four-headed hydra
 10857 | D:11     | Reached skill level 11 in Shields
 10879 | D:11     | Noticed Sonja
 11081 | D:11     | Found a hazy altar of Hepliaklqana.
 11275 | D:11     | Killed Sonja
 11820 | D:12     | Noticed a two-headed ogre
 11837 | D:12     | Killed a two-headed ogre
 11857 | D:12     | Found a staircase to the Orcish Mines.
 11991 | D:12     | Noticed a two-headed ogre
 11991 | D:12     | Noticed a centaur warrior
 12018 | D:12     | Killed a two-headed ogre
 12018 | D:12     | Reached skill level 12 in Shields
 12020 | D:12     | Reached XP level 13. HP: 61/88 MP: 13/13
 12059 | D:12     | Killed a centaur warrior
 12692 | D:13     | Noticed Rupert
 12698 | D:13     | Noticed an eight-headed hydra
 12782 | D:13     | Killed Rupert
 12782 | D:13     | Reached skill level 13 in Shields
 12789 | D:13     | Killed an eight-headed hydra
 12838 | D:13     | Noticed a centaur warrior
 12865 | D:13     | Killed a centaur warrior
 12946 | D:13     | Found a portal to a secret trove of treasure.
 13031 | Orc:1    | Entered Level 1 of the Orcish Mines
 13089 | Orc:1    | Noticed Josephine
 13142 | Orc:1    | Killed from afar by Josephine

Skill      XL: |  1  2  3  4  5  6  7  8  9 10 11 12 13 |
---------------+----------------------------------------+-----
Polearms       | 4 5 6 7 9 10 11 | 11.4
Dodging        | 3 5 6 7 |  7.8
Fighting       | 4 5 6 7 8 |  8.7
Stealth        | 1 2 |  2.3
Armour         | 3 4 5 6 7 8 9 |  9.0
Shields        | 3 6 9 10 12 13 | 13.3
Throwing       | |  0.8

Action                   |  1- 3 |  4- 6 |  7- 9 | 10-12 | 13-15 || total
-------------------------+-------+-------+-------+-------+-------++-------
Melee: Spear             |   127 |   261 |   621 |  1242 |   373 ||  2624
Throw: Tomahawk          |       |       |     6 |       |       ||     6
Invok: Berserk           |       |     6 |    13 |    25 |     7 ||    51
       Trog's Hand       |       |     2 |     6 |     6 |     6 ||    20
       Burn Spellbooks   |       |       |       |     3 |       ||     3
  Use: Scroll            |       |     6 |    10 |    11 |       ||    27
       Potion            |       |       |     5 |     3 |     9 ||    17
  Eat: Chunk             |     1 |    10 |    14 |    28 |     8 ||    61
       Fruit             |       |     1 |       |     2 |       ||     3
       Bread ration      |       |     1 |       |     2 |     1 ||     4
       Meat ration       |       |       |     2 |     1 |       ||     3
       Royal jelly       |       |       |       |     2 |     1 ||     3
Armor: Animal skin       |    27 |    11 |       |       |       ||    38
       Chain mail        |       |    56 |       |       |       ||    56
       Plate armour      |       |    71 |    80 |       |       ||   151
       Scale mail        |       |       |   155 |   219 |    66 ||   440
Dodge: Dodged            |    87 |   119 |   178 |   211 |    67 ||   662
Block: Large shield      |       |       |   446 |   988 |   312 ||  1746
       Reflection        |       |       |       |    28 |    13 ||    41
